 Dungeon Crawl Stone Soup version 0.31-a0-986-g5e6e4ef867 (webtiles) character file.

Game seed: 13815592030880259982

32 Jeffwins the Ruffian (level 3, 0/17 HPs)
             Began as a Vine Stalker Shapeshifter on Nov 13, 2023.
             Slain by Terence
             ... wielding a +0 mace
              (8 damage)
             ... on level 2 of the Dungeon.
             The game lasted 00:01:04 (860 turns).

Jeffwins the Ruffian (Vine Stalker Shapeshifter)     Turns: 860, Time: 00:01:04

Health: 0/17       AC:  2    Str: 16    XL:     3   Next: 27%
Magic:  0/4        EV: 12    Int: 12    God:
Gold:   35         SH:  0    Dex: 13    Spells: 2/2 levels left

rFire   . .          .
                       - Unarmed
rCold   . . .        (no shield)
rNeg    . . .        a - +0 animal skin
rPois   .            (helmet currently unavailable)
rElec   .            (cloak currently unavailable)
rCorr   .            (gloves currently unavailable)
SInv    .            (boots currently unavailable)
Will    .....        (no amulet)
Stlth   ++           (no ring)
HPRegen 1.02/turn    (no ring)
MPRegen 0.09/turn

%: guardian spirit
@: beast-form
A: beast (slay +1), fangs 2, regeneration 1, magic shield, antimagic bite, no
potion heal 2
a: Begin Untransformation


You were on level 2 of the Dungeon.
You were a hulking beast.
You visited 1 branch of the dungeon, and saw 2 of its levels.

You collected 35 gold pieces.


Innate Abilities, Weirdness & Mutations

You are a hulking beast.
Your limbs bulge with bestial killing power. (Slay +1)
You have extremely sharp teeth.
Your natural rate of healing is unusually fast.
When hurt, damage is shared between your health and your magic reserves.
Your bite disrupts and absorbs the magic of your enemies.
Potions cannot restore your health.


   Skills:
 - Level 0.8 Fighting
 + Level 1.8 Dodging
 + Level 1.2 Stealth
 * Level 3.5 Unarmed Combat
 * Level 3.3 Shapeshifting


You had 2 spell levels left.
You didn't know any spells.
Your spell library contained the following spells:

 Spells                   Type           Power      Damage    Failure   Level
 Blink                    Tloc           0%         N/A       45%         2
 Lesser Beckoning         Tloc           0%         N/A       45%         2
 Momentum Strike          Conj/Tloc      0%         3d8       45%         2

Inventory:

Missiles
 e - 5 poisoned darts
Armour
 a - a +0 animal skin (worn)
 g - a +0 pair of gloves
 k - a scarf of harm
Magical Staves
 l - a staff of cold
Talismans
 c - a beast talisman
 d - a flux talisman
Scrolls
 f - a scroll of identify {unknown}
 h - a scroll of butterflies {unknown}
 i - a scroll of brand weapon {unknown}
 p - a scroll of blinking {unknown}
Potions
 b - a potion of lignification {!q}
 j - a potion of resistance {unknown}
 m - a potion of magic {unknown}
 n - a potion of brilliance {unknown}
 o - a potion of curing {unknown}
 q - a potion of invisibility {unknown}

Dungeon Overview and Level Annotations

Branches:
Dungeon (2/15)

Altars:

Shops:
D:1 (

Annotations:
D:2 Terence

##... ..# ###...#######.#
..### .......##.....# ....
.......#..###.# ...#
.....<.....##.# ####...##
..##.....#..#.###.......
###..###....##.# ..#
#####....###....@##..#..##
#†.............hg.........
#.....###..#####...#.#....
#..#### ##... #....# # .
..... ###.#..##.# .###.
>..# #.# . .# ##.. ..# ##
#.. #.. #. #..


You could see Terence and a goblin.


Message History

You closely miss the bat. You punch the bat.
You kill the bat!
No target in view!
No target in view!
No target in view!
No target in view!
You now have 35 gold pieces (gained 14).
A goblin comes into view. It is wielding a +0 club.
A goblin is nearby!
The goblin shouts!
You hear a shout!
Found an escape hatch in the floor.
Terence the Incautious comes into view.
He is wielding a +0 mace.
You closely miss the goblin. Your bite misses the goblin.
The goblin hits you with a +0 club.
You hit the goblin but do no damage. Your bite misses the goblin.
The goblin barely misses you.
You closely miss the goblin. Your punch misses the goblin.
Your bite misses the goblin. The goblin hits you with a +0 club.
You hit the goblin but do no damage. Your bite misses the goblin.
The goblin closely misses you.
You closely miss the goblin. The goblin closely misses you.
The goblin attacks as it pursues you! The goblin hits you but does no damage.
You hit Terence. Your bite misses Terence.
Terence is lightly wounded.
The goblin completely misses you. Terence closely misses you.
Terence attacks as he pursues you! Terence hits you with a +0 mace!
The goblin attacks as it pursues you! The goblin hits you with a +0 club.
* * * LOW HITPOINT WARNING * * *
Terence attacks as he pursues you! Terence hits you with a +0 mace!
You die...

Skill      XL: |  1  2 |
---------------+-------+-----
Stealth        | 1 |  1.2
Fighting       | |  0.8
Dodging        | |  1.8
Unarmed Combat | |  3.5
Shapeshifting  | |  3.3

Action                     || total
---------------------------++-------
  Melee: Unarmed           ||    61
         Bite              ||    11
         Punch             ||     1
   Stab: Sleeping          ||     3
 Armour: Animal skin       ||    37
  Dodge: Dodged            ||    44

Levels and vault maps discovered:
D:1:      co_arrival_square_in_a_square_in_a_square, layout_basic, serial_shops,
          shop
D:2:      layout_rooms, basic_altar, serial_shops, shop, minivault_5,
          minmay_tromino_v2, uniq_natasha, uniq_terence

Notes
Turn   | Place    | Note
-------+----------+-------------------------------------------
     0 | D:1      | Jeffwins the Vine Stalker Shapeshifter began the quest for
                  | the Orb.
     0 | D:1      | Reached XP level 1. HP: 9/9 MP: 2/2
   126 | D:1      | Reached XP level 2. HP: 14/14 MP: 3/3
   218 | D:1      | Reached skill level 1 in Stealth
   328 | D:1      | Reached XP level 3. HP: 17/17 MP: 2/4
   769 | D:1      | Found Yxaomapt's Weapon Emporium.
   851 | D:2      | Noticed Terence
   860 | D:2      | Slain by Terence

Vanquished Creatures
  4 dart slugs (D:1)
  2 endoplasms (D:1)
  A giant cockroach (D:1)
  2 goblins (D:1)
  3 jackals (D:1)
  2 quokkas (D:1)
  A ball python (D:1)
  5 bats
  A frilled lizard (D:1)
  2 rats
23 creatures vanquished.

Table legend: (Time is in decaauts)
 A = Elapsed time spent in this place.
 B = Non-inter-level travel time spent in this place.
 C = Inter-level travel time spent in this place.
 D = Time resting spent in this place.
 E = Time spent auto-exploring this place.
 F = Levels seen in this place.
 G = Mean time per level.
                   A        B        C        D        E       F      G
               +--------+--------+--------+--------+--------+-----+--------+
         Total |    855 |    819 |     36 |      0 |    654 |   2 |  427.5 |
       Dungeon |    855 |    819 |     36 |      0 |    654 |   2 |  427.5 |
               +--------+--------+--------+--------+--------+-----+--------+

Top non-repeatable levels by time:
     D:1: 813 daAuts
     D:2: 42 daAuts

Table legend:
 A = Non-vault XP
 B = Vault XP
 C = Vault XP percentage of total XP
 D = Non-vault monster count
 E = Vault monster count
 F = Vault count percentage of total count
                 A         B        C        D         E       F
            +---------+---------+-------+---------+---------+-------
      Total |      47 |       0 |   0.0 |      23 |       0 |   0.0
            +---------+---------+-------+---------+---------+-------
        D:1 |      45 |       0 |   0.0 |      21 |       0 |   0.0
        D:2 |       2 |       0 |   0.0 |       2 |       0 |   0.0
            +---------+---------+-------+---------+---------+-------
